 Dungeon Crawl Stone Soup version 0.24.0-125-gc4c63601f3 (webtiles) character file.

Game seed: 15526042811104395659, levelgen mode: deterministic

39 Descartes the Grasshopper (level 3, -2/16 HPs)
             Began as a Felid Warper on Feb 25, 2020.
             Killed from afar by an orc wizard (5 damage)
             ... with a magic dart
             ... on level 2 of the Dungeon.
             The game lasted 00:03:13 (2000 turns).

Descartes the Grasshopper (Felid Warper)            Turns: 2000, Time: 00:03:14

Health: -2/16      AC:  1    Str:  8    XL:     3   Next: 26%
Magic:  5/7        EV: 18    Int: 14    God:
Gold:   70         SH:  0    Dex: 15    Spells: 2/6 levels left
                                        Lives:  0   Deaths: 0

rFire    . . .     SeeInvis +     - Unarmed
rCold    . . .     Gourm    .   (shield unavailable)
rNeg     . . .     Faith    .   (armour unavailable)
rPois    .         Spirit   .   (helmet unavailable)
rElec    .         Reflect  .   (cloak unavailable)
rCorr    .         Harm     .   (gloves unavailable)
MR       .....                  (boots unavailable)
Stlth    ++........             (no amulet)
HPRegen  0.05/turn              (no ring)
MPRegen  0.10/turn              (no ring)

@: shrouded, quick
A: very small, no armour, no weapons or thrown items, stealth, claws 1, fangs 3,
see invisible, carnivore, speed 1, shaggy fur 1, slow metabolism 1, sharp paws
a: no special abilities


You were on level 2 of the Dungeon.
You were completely stuffed.

You visited 1 branch of the dungeon, and saw 2 of its levels.

You collected 70 gold pieces.

Inventory:

Missiles
 e - 22 stones
Scrolls
 b - 2 scrolls of blinking
 f - 3 scrolls of remove curse {unknown}
 g - a scroll of magic mapping {unknown}
Potions
 a - a potion of heal wounds {unknown}
 d - 2 potions of ambrosia {unknown}
 i - 2 potions of flight {unknown}
Comestibles
 c - 3 rations
 h - 7 chunks of flesh


   Skills:
 + Level 2.2 Fighting
 + Level 3.4 Dodging
 + Level 1.3 Stealth
 * Level 2.7 Unarmed Combat
 + Level 2.2 Spellcasting
 + Level 0.6 Charms
 + Level 4.6 Translocations


You had 2 spell levels left.
You knew the following spells:

 Your Spells              Type           Power        Failure   Level  Hunger
a - Blink                 Tloc           N/A          5%          2    ###....
b - Shroud of Golubria    Chrm/Tloc      #.....       12%         2    ###....

Your spell library contained the following spells:

 Spells                   Type           Power        Failure   Level  Hunger
 Gell's Gravitas          Tloc           ##........   11%         3    ###....
 Lesser Beckoning         Tloc           ##........   11%         3    ###....
 Teleport Other           Tloc           ##......     11%         3    ###....
 Passage of Golubria      Tloc           N/A          34%         4    #####..


Dungeon Overview and Level Annotations

Branches:
Dungeon (2/15)

Altars:


Innate Abilities, Weirdness & Mutations

You cannot wear armour.
You are incapable of wielding weapons or throwing items.
Your paws allow you to move quietly. (Stealth)
You have sharp claws.
You have razor-sharp teeth.
You have supernaturally acute eyesight. (SInv)
You are carnivorous and can eat meat at any time.
You cover ground quickly.
You are covered in fur. (AC +1)
You have a slow metabolism.
Your sharp claws are effective at attacking unaware monsters.


Message History

Your shroud begins to fray at the edges.
Your shroud bends the orc wizard's attack away.
You scratch the orc wizard but do no damage.
The orc wizard closely misses you. The orc completely misses you.
You scratch the orc wizard.
The orc wizard is lightly wounded.
The orc wizard gestures at you while chanting.
The magic dart hits you!
* * * LOW HITPOINT WARNING * * *
The orc completely misses you.
Your shroud unravels.
You see here a hobgoblin skeleton.
Casting: Shroud of Golubria (safe; 12% risk of failure)
Confirm with . or Enter, or press ? or * to list all spells.
Space distorts slightly along a thin shroud covering your body.
Things that are here:
a +0 club; a +0 dagger; an adder skeleton The orc wizard gestures at you while chanting.
The magic dart hits you.
You die...

# #. #.##########
#..[.......# #..........#
#..........# .###...####
##.##########...#####.#.
........@.).o...........
###.##########o..#####.#.
.......######...# ####
#..............#
....##.........oo...#
..............o.....#
.............##....##
............##....#
#..........#....#


You could see an orc wizard and an orc.

Vanquished Creatures
  An adder (D:2)
  A dart slug (D:1)
  2 bats (D:1)
  7 goblins
  2 hobgoblins
  7 kobolds
  A ball python (D:1)
  2 frilled lizards (D:1)
  3 rats (D:1)
26 creatures vanquished.

Notes
Turn   | Place    | Note
-------+----------+-------------------------------------------
     0 | D:1      | Descartes the Felid Warper began the quest for the Orb.
     0 | D:1      | Reached XP level 1. HP: 9/9 MP: 4/4
   273 | D:1      | Reached XP level 2. HP: 6/13 MP: 6/6
   292 | D:1      | Learned a level 2 spell: Blink
   295 | D:1      | Learned a level 2 spell: Shroud of Golubria
   657 | D:1      | Reached skill level 1 in Stealth
  1875 | D:2      | Reached XP level 3. HP: 14/16 MP: 4/7
  2000 | D:2      | Killed from afar by an orc wizard

Levels and vault maps discovered:
D:1:      dpeg_arrival_radiant, layout_basic
D:2:      layout_basic, first_ration, minmay_misc_feat_four_crosses,
          lemuel_another_geyser, uniq_natasha

Skill      XL: |  1  2 |
---------------+-------+-----
Stealth        | 1 |  1.3
Fighting       | |  2.2
Dodging        | |  3.4
Unarmed Combat | |  2.7
Spellcasting   | |  2.2
Charms         | |  0.6
Translocations | |  4.6

Action                   || total
-------------------------++-------
Melee: Unarmed           ||   117
       Bite              ||    10
 Cast: Shroud of Golubri ||    11
 Stab: Sleeping          ||     2
  Eat: Chunk             ||    10
Armor: Skin              ||     7
Dodge: Dodged            ||    87
